 Dungeon Crawl Stone Soup version 0.29.0-13-gc9e81de378 (webtiles) character file.

Game seed: 5598590507645243772

339 greasedhog the Sneak (level 6, 0/36 HPs)
             Began as a Deep Elf Abyssal Knight on Sept 7, 2022.
             Was a Priest of Lugonu.
             Slain by a killer bee (5 damage)
             ... on level 5 of the Dungeon.
             The game lasted 00:08:11 (5636 turns).

greasedhog the Sneak (Deep Elf Abyssal Knight)      Turns: 5636, Time: 00:08:12

Health: 0/36       AC:  9    Str: 10    XL:     6   Next: 29%
Magic:  9/9        EV: 12    Int: 15    God:    Lugonu [***...]
Gold:   133        SH:  0    Dex: 17    Spells: 4/5 levels left

rFire   + . .      SeeInvis .   A - +7 staff of the Meek {protect, meekguard}
rCold   . . .      Faith    .   (shield currently unavailable)
rNeg    . . .      Spirit   .   b - +0 leather armour
rPois   .          Reflect  .   (no helmet)
rElec   .          Harm     .   z - +0 cloak
rCorr   +          Rampage  .   g - +0 pair of gloves
Will    +....                   (no boots)
Stlth   +.........              (no amulet)
HPRegen 0.12/turn               f - +4 ring of protection
MPRegen 0.11/turn               i - ring of Ephemeral Luck {rF+ Will+ rCorr}

@: confused, mighty, lethally poisoned (0 -> -7), ambrosia-drunk
A: no striking features
a: Renounce Religion, Depart the Abyss, Bend Space, Banish


You were on level 5 of the Dungeon.
You worshipped Lugonu.
Lugonu was most pleased with you.
You visited 1 branch of the dungeon, and saw 5 of its levels.
You visited the Abyss 1 time.

You collected 181 gold pieces.
You spent 48 gold pieces at shops.

Inventory:

Hand Weapons
 a - a +1 short sword
 c - a +0 dagger
 r - a +1 falchion of holy wrath
 A - the +7 staff of the Meek (weapon) {protect, meekguard}
   (You found it on level 4 of the Dungeon)

   It grants its wielder temporary protection when it strikes (+7 to AC).
   It provides extra protection to wielders with little health.
Armour
 b - a +0 leather armour (worn)
 g - a +0 pair of gloves (worn)
 w - a +0 buckler
 z - a +0 cloak (worn)
Jewellery
 f - a +4 ring of protection (left hand)
 i - the ring of Ephemeral Luck (right hand) {rF+ Will+ rCorr}
   (You found it on level 2 of the Dungeon)

   [ring of resist corrosion]

   rF:        It protects you from fire.
   rCorr:     It protects you from acid and corrosion.
   Will:      It increases your willpower.
Wands
 n - a wand of mindburst (11)
 u - a wand of paralysis (4)
 y - a wand of polymorph (7)
Scrolls
 d - a scroll of vulnerability
 e - 5 scrolls of teleportation
 h - a scroll of butterflies
 k - a scroll of torment
 m - a scroll of summoning {unknown}
 p - a scroll of enchant weapon {unknown}
 q - a scroll of magic mapping {unknown}
 x - a scroll of brand weapon
 C - a scroll of poison
Potions
 j - 3 potions of might
 l - 2 potions of heal wounds {unknown}
 o - 2 potions of degeneration {unknown}
 t - a potion of attraction {unknown}
 v - a potion of brilliance {unknown}
 B - a potion of mutation {unknown}


   Skills:
 - Level 2.4 Fighting
 * Level 4.3 Short Blades
 - Level 0.7 Armour
 - Level 2.4 Dodging
 * Level 4.9 Stealth
 * Level 4.0 Hexes
 - Level 2.0 Invocations


You had 4 spell levels left.
You knew the following spells:

 Your Spells              Type           Power      Damage    Failure   Level
a - Slow                  Hex            48%        N/A       7%          1

Your spell library contained the following spells:

 Spells                   Type           Power      Damage    Failure   Level
 Confusing Touch          Hex            12%        N/A       22%         3
 Apportation              Tloc           0%         N/A       36%         1
 Vampiric Draining        Necr           0%         2d6       73%         3
 Alistair's Intoxication  Tmut/Pois      0%         N/A       100%        5
 Iskenderun's Battlesphe  Conj           0%         2d6       100%        5
 Iron Shot                Conj/Erth      0%         9d1       100%        6
 Spellforged Servitor     Conj/Summ      0%         N/A       100%        7


Dungeon Overview and Level Annotations

Branches:
Dungeon (5/15)
 Temple: D:4-7

Altars:
Kikubaaqudgha
Trog

Shops:
D:2 ?

Annotations:
D:5 3 runed translucent doors, Grinder; styxcanada's ghost, novice SpBr


Message History

Your weapon exudes an aura of protection.
Grinder is moderately wounded.
You hear an angry buzzing noise.
Grinder gestures at you.
You suddenly lose the ability to move!
The killer bee buzzes angrily.
A killer bee comes into view.
Grinder gestures at you. You resist with almost no effort.
Grinder gestures at you. Pain shoots through your body!
The killer bee stings you.
You are poisoned.
The killer bee poisons you!
You feel very sick. The killer bee stings you.
You are more poisoned.
The killer bee poisons you! Grinder hits you.
You writhe in agony.
* * * LOW HITPOINT WARNING * * *
You can move again.
Unknown command.
You feel very mighty all of a sudden.
* * * LOW HITPOINT WARNING * * *
You feel very sick. Grinder barely misses you. The killer bee misses you.
Unknown command.
You closely miss Grinder.
Grinder is moderately wounded.
* * * LOW HITPOINT WARNING * * *
You feel very sick. The killer bee closely misses you.
Grinder barely misses you. The killer bee barely misses you.
Unknown command.
It was a potion of ambrosia.
You are confused.
You feel invigorated.
* * * LOW HITPOINT WARNING * * *
You feel sick.
The killer bee stings you but does no damage.
Grinder hits you but does no damage. The killer bee stings you.
You die...

....# #.... .##.# #.... ..# # .##
.#### #.#.. #.# ...#
...#.##.###.#.. #... ....#
####............>. ......
#...##.##............<. ####..#
#..[.#................. .##
#.....y................ ## ..##
#<.!.5@......#......... .# ...#
#.....yy.$...####.##.### .## ...#
#.............#########. ..##...
##...##...<......#.#.##.. ...#.#
..#.#..................... .#...#
#...#..................... .#..##
#..##...............#.....
##...###..#.[....#.##......###...
##....##...........##......###...


You could see Grinder and 3 killer bees.

Vanquished Creatures
  A necrophage (D:4)
  4 hounds (D:5)
  Ijyb (D:4)
  4 gnolls
  An adder (D:2)
  A worm (D:3)
  6 dart slugs
  An orc (D:5)
  2 bats
  7 endoplasms
  2 giant cockroaches
  5 goblins
  5 hobgoblins
  11 jackals
  3 kobolds (D:1)
  3 quokkas
  12 ball pythons
  3 frilled lizards (D:1)
  3 rats (D:1)
75 creatures vanquished.

Vanquished Creatures (others)
  A wizard (D:3)
1 creature vanquished.

Grand Total: 76 creatures vanquished

Notes
Turn   | Place    | Note
-------+----------+-------------------------------------------
     0 | Abyss:1  | greasedhog the Deep Elf Abyssal Knight began the quest for
                  | the Orb.
     0 | Abyss:1  | Reached XP level 1. HP: 13/13 MP: 4/4
     1 | D:1      | Escaped the Abyss
    95 | D:1      | Reached skill level 1 in Stealth
   410 | D:1      | Reached XP level 2. HP: 15/18 MP: 5/5
   828 | D:1      | Learned a level 1 spell: Slow
   853 | D:1      | Reached XP level 3. HP: 21/22 MP: 6/6
  1300 | D:1      | Reached *** piety under Lugonu
  1524 | D:1      | Found a faded altar of an unknown god.
  1538 | D:1      | Reached skill level 1 in Hexes
  2097 | D:1      | Reached XP level 4. HP: 18/27 MP: 3/7
  2470 | D:2      | Identified the ring of Ephemeral Luck {rF+ Will+ rCorr}
  3253 | D:2      | Found Nadyolui's Magic Scroll Boutique.
  3258 | D:2      | Bought a scroll of identify for 24 gold pieces
  3258 | D:2      | Bought a scroll of identify for 24 gold pieces
  3525 | D:3      | Found an ancient bone altar of Kikubaaqudgha.
  3698 | D:3      | Found a bloodstained altar of Trog.
  3701 | D:3      | Noticed a wizard
  3707 | D:3      | Killed a wizard
  3901 | D:3      | You fall into a shaft and drop 2 floors!
  3901 | D:5      | Entered Level 5 of the Dungeon
  3987 | D:5      | Reached XP level 5. HP: 13/31 MP: 8/8
  4298 | D:5      | Noticed Grinder
  4455 | D:4      | Reached XP level 6. HP: 8/36 MP: 9/9
  5044 | D:4      | Noticed Ijyb
  5082 | D:4      | Killed Ijyb
  5216 | D:4      | Found the +7 staff of the Meek {protect, meekguard}
  5593 | D:5      | Found a runed translucent gate.
  5593 | D:5      | Found a runed translucent gate.
  5593 | D:5      | Found a runed translucent gate.
  5598 | D:5      | Noticed styxcanada's ghost (novice SpBr)
  5630 | D:5      | Paralysed by Grinder for 4 turns
  5636 | D:5      | Slain by a killer bee

Illustrated notes

Levels and vault maps discovered:
D:1:      saegor_arrival_simple_c, layout_basic, ebering_ecumenical_altar_box
D:2:      layout_basic, serial_shops, shop
D:3:      layout_basic, kiku_gazebo_pond_becter, trog_wizard,
          minmay_misc_feat_more_columns, nrook_loot_triangle
D:4:      layout_basic, uniq_ijyb
D:5:      layout_cave_pools, minmay_temple_entry_junction,
          ebering_ghost_rock_garden, chequers_serial_rivers_large_b,
          uniq_grinder

Skill      XL: |  1  2  3  4  5  6 |
---------------+-------------------+-----
Stealth        | 1 2 3 4 |  4.9
Short Blades   | 3 4 |  4.3
Hexes          | 1 2 3 4 |  4.0
Fighting       | |  2.4
Armour         | |  0.7
Dodging        | |  2.4
Invocations    | |  2.0

Action                   |  1- 3 |  4- 6 || total
-------------------------+-------+-------++-------
Melee: Short sword       |   147 |   155 ||   302
       Punch             |     1 |     1 ||     2
       Quarterstaff      |       |     9 ||     9
 Cast: Slow              |    13 |     2 ||    15
Evoke: Wand              |       |     7 ||     7
  Use: Scroll            |     1 |     7 ||     8
       Potion            |       |     2 ||     2
 Stab: Sleeping          |     1 |    11 ||    12
       Paralysed         |       |     2 ||     2
       Distracted        |       |     1 ||     1
Armor: Leather armour    |    32 |    61 ||    93
Dodge: Dodged            |    87 |   108 ||   195
Block: Buckler           |       |     3 ||     3
